 Dungeon Crawl Stone Soup version 0.22-a0-183-g9e71ff9 (webtiles) character file.

6855 Shyshaeia the Nimble (level 11, 0/87 HPs)
             Began as a Gnoll Monk on Feb 14, 2018.
             Was a High Priest of Okawaru.
             Slain by wolfsongas's ghost (18 damage)
             ... on level 10 of the Dungeon.
             The game lasted 00:57:51 (11952 turns).

Shyshaeia the Nimble (Gnoll Monk)                  Turns: 11952, Time: 00:57:52

Health: 0/87       AC:  9    Str: 15    XL:     11   Next: 6%
Magic:  24/28      EV: 21    Int: 13    God:    Okawaru [*****.]
Gold:   439        SH:  9    Dex: 19    Spells: 15/21 levels left

rFire    + . .     SeeInvis .   x - +5 long sword
rCold    . . .     Gourm    .   P - +2 buckler {rPois}
rNeg     . . .     Faith    .   A - +1 ring mail {rF+}
rPois    +         Spirit   .   (no helmet)
rElec    .         Reflect  .   E - +0 cloak
rCorr    .         Harm     .   (no gloves)
MR       .....                  (no boots)
Stlth    +++++.....             (no amulet)
HPRegen  0.24/turn              N - ring of magical power
MPRegen  0.21/turn              (no ring)

@: heroism, finesse
A: distributed training, fangs 1, strong nose
a: Heroism, Finesse, Renounce Religion


You were on level 10 of the Dungeon.
You worshipped Okawaru.
Okawaru was extremely pleased with you.
You were not hungry.

You visited 2 branches of the dungeon, and saw 11 of its levels.

You collected 679 gold pieces.
You spent 240 gold pieces at shops.

Inventory:

Hand Weapons
 f - a +3 hunting sling of freezing
 r - a +1 dagger of venom
 x - a +5 long sword (weapon)
 z - a +1 war axe of flaming
 G - a +1 falchion of slicing
Missiles
 b - 8 tomahawks
 d - 215 stones (quivered)
 l - 150 sling bullets
 L - 5 needles of sleeping
 M - 7 curare-tipped needles
Armour
 k - a +0 leather armour of fire resistance
 p - a +1 shield
 A - a +1 ring mail of fire resistance (worn)
 E - a +0 cloak (worn)
 P - a +2 buckler of poison resistance (worn)
Jewellery
 N - a ring of magical power (left hand)
Wands
 v - a wand of acid (9)
 D - a wand of flame (82)
 J - a wand of random effects (24)
 K - a wand of enslavement (8)
Scrolls
 e - 5 scrolls of identify
 g - 2 scrolls of teleportation
 i - 6 scrolls of remove curse
 j - 2 scrolls of magic mapping {unknown}
 m - 2 scrolls of blinking {unknown}
 n - a scroll of amnesia
 o - a scroll of enchant weapon
 t - 2 scrolls of fear {unknown}
 u - 2 scrolls of immolation {unknown}
 w - 2 scrolls of enchant armour
 F - a scroll of noise {unknown}
Potions
 a - 3 potions of curing
 h - 3 potions of heal wounds
 q - 2 potions of mutation
 s - a potion of haste
 B - a potion of brilliance
 H - 2 potions of lignification {unknown}
 I - a potion of agility {unknown}
Books
 y - a book of Necromancy

   Spells                             Type                      Level
   a - Pain                           Necromancy                   1
   b - Animate Skeleton               Necromancy                   1
   c - Vampiric Draining              Necromancy                   3
   d - Regeneration                   Charms/Necromancy            3
   e - Animate Dead                   Necromancy                   4
 C - a book of Cantrips

   Spells                             Type                      Level
   a - Confusing Touch                Hexes                        1
   b - Animate Skeleton               Necromancy                   1
   c - Summon Small Mammal            Summoning                    1
   d - Apportation                    Translocation                1
Comestibles
 c - 27 rations


   Skills:
 + Level 8.8(13.8) Fighting
 + Level 5.8(10.8) Short Blades
 + Level 8.8(13.8) Long Blades
 + Level 5.8(10.8) Axes
 + Level 5.8(10.8) Maces & Flails
 + Level 5.8(10.8) Polearms
 + Level 5.8(10.8) Staves
 + Level 5.8(10.8) Slings
 + Level 5.8(10.8) Bows
 + Level 5.8(10.8) Crossbows
 + Level 5.8(10.8) Throwing
 + Level 5.8(10.8) Armour
 + Level 8.8(13.8) Dodging
 + Level 7.2(12.2) Stealth
 + Level 5.8(10.8) Shields
 + Level 5.8(10.8) Unarmed Combat
 + Level 5.8 Spellcasting
 + Level 4.8 Conjurations
 + Level 4.8 Hexes
 + Level 4.8 Charms
 + Level 4.8 Summonings
 + Level 4.8 Necromancy
 + Level 4.8 Translocations
 + Level 4.8 Transmutations
 + Level 4.8 Fire Magic
 + Level 4.8 Ice Magic
 + Level 4.8 Air Magic
 + Level 4.8 Earth Magic
 + Level 4.8 Poison Magic
 + Level 6.3 Invocations
 + Level 5.8 Evocations


You had 15 spell levels left.
You knew the following spells:

 Your Spells              Type           Power        Failure   Level  Hunger
a - Regeneration          Chrm/Necr      ###.......   12%         3    ###....
b - Vampiric Draining     Necr           ###.......   12%         3    ###....


Dungeon Overview and Level Annotations

Branches:
Dungeon (10/15)            Temple (1/1) D:7
   Lair: D:8-11         Orc: D:9-12

Altars:
Ashenzari
Cheibriados
Dithmenos
Elyvilon
Fedhas
Gozag
Hepliaklqana
Kikubaaqudgha
Makhleb
Nemelex Xobeh
Okawaru
Qazlal
Ru
Sif Muna
Trog
Uskayaw
Vehumet
Wu Jian
Xom
Yredelemnul
Zin
The Shining One

Shops:
D:9 [[}

Annotations:
D:3 exclusion: orc, Sigmund
D:9 exclusions: crimson imp, hippogriff, orc warrior, orc wizard, quasit, scorpion and sky beast
D:10 wolfsongas's ghost, journeyman OgFi


Innate Abilities, Weirdness & Mutations

Your experience applies equally to all skills.
You have very sharp teeth.
Your uncanny sense of smell can sniff out nearby items.


Message History

Wolfsongas's ghost is moderately damaged.
You hit wolfsongas's ghost.
Wolfsongas's ghost is moderately damaged.
You hit wolfsongas's ghost but do no damage.
Wolfsongas's ghost is moderately damaged.
Wolfsongas's ghost closely misses you.
You riposte.
You hit wolfsongas's ghost.
Wolfsongas's ghost is moderately damaged.
You hit wolfsongas's ghost.
Wolfsongas's ghost is moderately damaged.
You hit wolfsongas's ghost but do no damage.
Wolfsongas's ghost is moderately damaged.
You closely miss wolfsongas's ghost.
Wolfsongas's ghost is moderately damaged.
Wolfsongas's ghost hits you!!
* * * LOW HITPOINT WARNING * * *
Wolfsongas's ghost whispers, "Meet the emptiness of death!"
There is a stone staircase leading up here.
Wolfsongas's ghost says, "I was once a great warrior, and I still am!"
Wolfsongas's ghost hits you!!
You die...

########### ..........##########
#########.##.......#
##'##.#####.# ######
#.......#.#.#
#....###.......W@#.############
.............................>#
>..........................##.#
#######.......##.#.........##.#
.................#.....##..##W#
..............####.....###.##.#
.................####### #..#Z##
.........#######'####### ##.#..#
#######.####...........####.##.#


You could see wolfsongas's ghost.

Vanquished Creatures
  A centaur warrior (D:10)
  Pikel (D:6)
  Joseph (D:7)
  A centaur skeleton (D:10)
  Prince Ribbit (D:4)
  2 hippogriffs (D:8)
  4 hogs (D:7)
  A human (D:7)
  2 hungry ghosts
  4 orc warriors
  A black bear (D:8)
  2 phantoms
  3 ogres
  A sky beast (D:6)
  An ice beast (D:8)
  2 centaurs (D:6)
  6 bullfrogs
  A big kobold (D:7)
  A gnoll sergeant (D:7)
  A wyvern skeleton (D:9)
  6 scorpions
  10 wights
  A howler monkey (D:5)
  2 crimson imps
  A bullfrog zombie (D:8)
  7 hounds
  A jelly (D:9)
  A gnoll shaman (D:5)
  Crazy Yiuf (D:5)
  An orc priest (D:9)
  5 iguanas
  4 orc wizards
  2 worker ants
  A killer bee zombie (D:8)
  A hound zombie (D:10)
  2 hound skeletons
  13 gnolls
  A howler monkey zombie (D:8)
  9 adders
  An ooze (D:3)
  3 adder skeletons
  A worm (D:3)
  5 leopard geckos
  31 orcs
  2 giant cockroaches
  4 hobgoblins
  12 jackals
  11 kobolds
  4 quokkas
  2 ball pythons
  6 bats
  9 frilled lizards
  7 goblins
  2 rats (D:3)
206 creatures vanquished.

Vanquished Creatures (others)
  A crimson imp (D:6)
1 creature vanquished.

Grand Total: 207 creatures vanquished

Notes
Turn   | Place    | Note
-------+----------+-------------------------------------------
     0 | D:1      | Shyshaeia the Gnoll Monk began the quest for the Orb.
     0 | D:1      | Reached XP level 1. HP: 23/23 MP: 1/1
   295 | D:1      | Reached XP level 2. HP: 27/29 MP: 2/2
   890 | D:2      | Found a snail-covered altar of Cheibriados.
  1052 | D:2      | Reached XP level 3. HP: 22/35 MP: 3/3
  1956 | D:2      | Found a deep blue altar of Sif Muna.
  1957 | D:2      | Found an iron altar of Okawaru.
  1963 | D:2      | Became a worshipper of Warmaster Okawaru
  1963 | D:2      | Reached * piety under Okawaru
  1963 | D:2      | Reached ** piety under Okawaru
  2053 | D:3      | Reached skill level 1 in Invocations
  2184 | D:3      | Reached skill level 1 in Short Blades
  2184 | D:3      | Reached skill level 1 in Axes
  2184 | D:3      | Reached skill level 1 in Maces & Flails
  2184 | D:3      | Reached skill level 1 in Polearms
  2184 | D:3      | Reached skill level 1 in Staves
  2184 | D:3      | Reached skill level 1 in Slings
  2184 | D:3      | Reached skill level 1 in Bows
  2184 | D:3      | Reached skill level 1 in Crossbows
  2184 | D:3      | Reached skill level 1 in Throwing
  2184 | D:3      | Reached skill level 1 in Armour
  2184 | D:3      | Reached skill level 1 in Shields
  2184 | D:3      | Reached skill level 1 in Unarmed Combat
  2184 | D:3      | Reached skill level 1 in Spellcasting
  2184 | D:3      | Reached skill level 1 in Evocations
  2257 | D:3      | Noticed Sigmund
  2334 | D:3      | Reached XP level 4. HP: 40/41 MP: 2/5
  2605 | D:3      | Reached skill level 1 in Conjurations
  2605 | D:3      | Reached skill level 1 in Hexes
  2605 | D:3      | Reached skill level 1 in Charms
  2605 | D:3      | Reached skill level 1 in Summonings
  2605 | D:3      | Reached skill level 1 in Necromancy
  2605 | D:3      | Reached skill level 1 in Translocations
  2605 | D:3      | Reached skill level 1 in Transmutations
  2605 | D:3      | Reached skill level 1 in Fire Magic
  2605 | D:3      | Reached skill level 1 in Ice Magic
  2605 | D:3      | Reached skill level 1 in Air Magic
  2605 | D:3      | Reached skill level 1 in Earth Magic
  2605 | D:3      | Reached skill level 1 in Poison Magic
  2605 | D:3      | Reached XP level 5. HP: 18/47 MP: 3/6
  2988 | D:3      | Found a blossoming altar of Fedhas.
  3360 | D:4      | Learned a level 3 spell: Regeneration
  3877 | D:5      | Entered Level 5 of the Dungeon
  3901 | D:5      | Reached XP level 6. HP: 49/53 MP: 8/8
  3903 | D:5      | Noticed Prince Ribbit
  3933 | D:4      | Killed Prince Ribbit
  3985 | D:5      | Found a bloodstained altar of Trog.
  4038 | D:5      | Reached XP level 7. HP: 59/59 MP: 10/10
  4172 | D:5      | Found a shadowy altar of Dithmenos.
  4316 | D:5      | Found a shimmering altar of Xom.
  4426 | D:5      | Reached *** piety under Okawaru
  4719 | D:5      | Found a white marble altar of Elyvilon.
  4821 | D:5      | Found a runed door.
  5129 | D:5      | Noticed Crazy Yiuf
  5133 | D:5      | Killed Crazy Yiuf
  5133 | D:5      | Reached skill level 5 in Stealth
  5288 | D:6      | Reached XP level 8. HP: 60/67 MP: 9/12
  5425 | D:6      | Noticed Pikel
  5447 | D:6      | Killed Pikel
  5447 | D:6      | Reached **** piety under Okawaru
  5729 | D:6      | Received a gift from Okawaru
  5923 | D:6      | Reached XP level 9. HP: 72/72 MP: 14/14
  6635 | D:7      | Learned a level 3 spell: Vampiric Draining
  6657 | D:7      | Found a white marble altar of Elyvilon.
  6796 | D:7      | Found a staircase to the Ecumenical Temple.
  6801 | Temple   | Entered the Ecumenical Temple
  6944 | D:7      | Noticed Joseph
  7772 | D:7      | Reached skill level 5 in Invocations
  7779 | D:7      | Reached ***** piety under Okawaru
  8110 | D:7      | Reached XP level 10. HP: 77/80 MP: 14/17
  8294 | D:7      | Killed Joseph
  8294 | D:7      | Received a gift from Okawaru
  8629 | D:8      | Reached skill level 5 in Short Blades
  8629 | D:8      | Reached skill level 5 in Axes
  8629 | D:8      | Reached skill level 5 in Maces & Flails
  8629 | D:8      | Reached skill level 5 in Polearms
  8629 | D:8      | Reached skill level 5 in Staves
  8629 | D:8      | Reached skill level 5 in Slings
  8629 | D:8      | Reached skill level 5 in Bows
  8629 | D:8      | Reached skill level 5 in Crossbows
  8629 | D:8      | Reached skill level 5 in Throwing
  8629 | D:8      | Reached skill level 5 in Armour
  8629 | D:8      | Reached skill level 5 in Shields
  8629 | D:8      | Reached skill level 5 in Unarmed Combat
  8629 | D:8      | Reached skill level 5 in Spellcasting
  8629 | D:8      | Reached skill level 5 in Evocations
  9984 | D:8      | Upgraded the game from 0.22-a0-179-gb5258fd to 0.22-a0-183-g9e71ff9
 10782 | D:9      | Found Juenano's Gadget Shoppe.
 10875 | D:9      | Found Apifariz's Armour Shoppe.
 10941 | D:9      | Bought a +2 buckler of poison resistance for 240 gold pieces
 11033 | D:9      | Found Oviuwnul's Armour Shop.
 11165 | D:10     | Entered Level 10 of the Dungeon
 11187 | D:10     | Noticed a centaur warrior
 11205 | D:10     | Killed a centaur warrior
 11205 | D:10     | Received a gift from Okawaru
 11361 | D:10     | Reached XP level 11. HP: 85/87 MP: 19/19
 11393 | D:10     | Noticed wolfsongas's ghost (journeyman OgFi)
 11952 | D:10     | Slain by wolfsongas's ghost

Vault maps used:
D:1:      dpeg_arrival_arbitrary_a
D:2:      minmay_wonky_spiral, cheibriados_altar_1,
          gammafunk_temple_overflow_pools
D:3:      fedhas_altar_fruit_tree, uniq_sigmund
D:4:      first_ration, grunt_ministairs_7, grunt_decor_cap,
          nrook_mini_backslash
D:5:      xom_teletrap_fun, bloody_trog, kennysheep_mini_moat,
          nicolae_dithmenos_the_darkroom, uniq_crazy_yiuf_cottage,
          uniq_prince_ribbit1
D:6:      lightli_minifort, uniq_pikel
D:7:      temple_statues, grunt_livestock, elyvilon_altar_4, uniq_joseph
D:9:      serial_shops, shop, shop, kennysheep_mini, minmay_misc_feat_chi
D:10:     serial_shops, nicolae_shop_behind_doors, uniq_psyche
Temple:   lightli_temple_of_artemis

Skill      XL: |  1  2  3  4  5  6  7  8  9 10 |
---------------+-------------------------------+-----
Invocations    | 1 2 3 4 5 6 |  6.3
Short Blades   | 1 2 3 4 5 |  5.8
Axes           | 1 2 3 4 5 |  5.8
Maces & Flails | 1 2 3 4 5 |  5.8
Polearms       | 1 2 3 4 5 |  5.8
Staves         | 1 2 3 4 5 |  5.8
Slings         | 1 2 3 4 5 |  5.8
Bows           | 1 2 3 4 5 |  5.8
Crossbows      | 1 2 3 4 5 |  5.8
Throwing       | 1 2 3 4 5 |  5.8
Armour         | 1 2 3 4 5 |  5.8
Shields        | 1 2 3 4 5 |  5.8
Unarmed Combat | 1 2 3 4 5 |  5.8
Spellcasting   | 1 2 3 4 5 |  5.8
Evocations     | 1 2 3 4 5 |  5.8
Conjurations   | 1 2 3 4 |  4.8
Hexes          | 1 2 3 4 |  4.8
Charms         | 1 2 3 4 |  4.8
Summonings     | 1 2 3 4 |  4.8
Necromancy     | 1 2 3 4 |  4.8
Translocations | 1 2 3 4 |  4.8
Transmutations | 1 2 3 4 |  4.8
Fire Magic     | 1 2 3 4 |  4.8
Ice Magic      | 1 2 3 4 |  4.8
Air Magic      | 1 2 3 4 |  4.8
Earth Magic    | 1 2 3 4 |  4.8
Poison Magic   | 1 2 3 4 |  4.8
Fighting       | 7 8 |  8.8
Long Blades    | 7 8 |  8.8
Dodging        | 7 8 |  8.8
Stealth        | 5 6 7 |  7.2

Action                   |  1- 3 |  4- 6 |  7- 9 | 10-12 || total
-------------------------+-------+-------+-------+-------++-------
Melee: Falchion          |    39 |     8 |    50 |    47 ||   144
       Bite              |     7 |    15 |    51 |    44 ||   117
       Dagger            |    21 |    99 |   247 |   174 ||   541
       Punch             |     1 |     2 |       |       ||     3
       War axe           |       |       |    40 |       ||    40
       Long sword        |       |       |       |    51 ||    51
 Fire: Hunting sling     |       |       |    23 |    71 ||    94
Throw: Stone             |    75 |    31 |    83 |    27 ||   216
 Cast: Regeneration      |       |       |       |     2 ||     2
Invok: Heroism           |     1 |     1 |     7 |     5 ||    14
       Finesse           |       |       |       |     2 ||     2
Evoke: Wand              |       |       |     2 |     1 ||     3
  Use: Scroll            |       |       |    11 |     2 ||    13
       Potion            |       |       |     3 |       ||     3
 Stab: Sleeping          |     6 |     5 |     4 |    10 ||    25
       Distracted        |       |       |     1 |     1 ||     2
       Invisible         |       |       |     5 |       ||     5
  Eat: Chunk             |     1 |     5 |    10 |     7 ||    23
       Ration            |     1 |       |     1 |     2 ||     4
Armor: Robe              |     7 |     7 |       |       ||    14
       Leather armour    |       |       |    29 |     8 ||    37
       Ring mail         |       |       |       |    13 ||    13
Dodge: Dodged            |    37 |    66 |   160 |   136 ||   399
Block: Shield            |       |       |    97 |       ||    97
       Buckler           |       |       |    26 |    58 ||    84
       Rpst.: Falchion   |     5 |     4 |     6 |     8 ||    23
       Long sword        |       |       |       |     6 ||     6

Table legend:
 A = Spawn XP
 B = Non-spawn XP
 C = Spawn XP percentage of total XP
 D = Spawn monster count
 E = Non-spawn monster count
 F = Spawn count percentage of total count
 G = Total turns spent on level
                    A         B        C        D         E        F      G
               +---------+---------+-------+---------+---------+-------+---------
         Total |       0 |    9794 |   0.0 |       0 |     207 |   0.0 | 11952
               +---------+---------+-------+---------+---------+-------+---------
           D:1 |       0 |      17 |   0.0 |       0 |      13 |   0.0 |   866
           D:2 |       0 |      39 |   0.0 |       0 |       9 |   0.0 |  1166
           D:3 |       0 |     125 |   0.0 |       0 |      26 |   0.0 |  1042
           D:4 |       0 |     419 |   0.0 |       0 |       8 |   0.0 |   907
           D:5 |       0 |     441 |   0.0 |       0 |      26 |   0.0 |  1238
           D:6 |       0 |    1545 |   0.0 |       0 |      27 |   0.0 |  1376
           D:7 |       0 |    2749 |   0.0 |       0 |      35 |   0.0 |  1934
           D:8 |       0 |    1457 |   0.0 |       0 |      24 |   0.0 |  1356
           D:9 |       0 |    1064 |   0.0 |       0 |      30 |   0.0 |  1473
          D:10 |       0 |    1938 |   0.0 |       0 |       9 |   0.0 |   554
               +---------+---------+-------+---------+---------+-------+---------
